 Dungeon Crawl Stone Soup version 0.20.1-1-g8b1a95d (webtiles) character file.

42 letownia2 the Grave Robber (level 3, -1/28 HPs)
             Began as a Deep Dwarf Necromancer on Dec 7, 2017.
             Slain by a worker ant (2 damage)
             ... on level 3 of the Dungeon.
             The game lasted 00:02:43 (741 turns).

letownia2 the Grave Robber (Deep Dwarf Necromancer)  Turns: 741, Time: 00:02:44

Health: -1/28      AC:  2    Str: 11    XL:     3   Next: 33%
Magic:  0/6        EV: 13    Int: 16    God:
Gold:   29         SH:  0    Dex: 13    Spells: 2/6 levels left

rFire    . . .     SeeInvis .   f - +1 dagger (elec)
rCold    . . .     Gourm    .   (no shield)
rNeg     . . .     Faith    .   a - +0 robe
rPois    .         Spirit   .   (no helmet)
rElec    .         Reflect  .   (no cloak)
rCorr    .         Harm     .   (no gloves)
MR       .....                  (no boots)
Stlth    ++........             (no amulet)
Regen    0.0/turn               (no ring)
MPRegen  0.1/turn               (no ring)

@: lethally poisoned (-1 -> -1), non-regenerating
A: damage resistance, heal wounds, sense surroundings 1, no regeneration
a: Heal Wounds


You were on level 3 of the Dungeon.
You were not hungry.

You visited 1 branch of the dungeon, and saw 3 of its levels.

You collected 29 gold pieces.

Inventory:

Hand Weapons
 f - a +1 dagger of electrocution (weapon)
Missiles
 h - 8 curare-tipped needles
Armour
 a - a +0 robe (worn)
Scrolls
 d - a scroll of enchant weapon {unknown}
 g - a scroll of identify {unknown}
Potions
 e - a potion of berserk rage {unknown}
Books
 b - a book of Necromancy

   Spells                             Type                      Level
   a - Pain                           Necromancy                   1
   b - Animate Skeleton               Necromancy                   1
   c - Vampiric Draining              Necromancy                   3
   d - Regeneration                   Charms/Necromancy            3
   e - Animate Dead                   Necromancy                   4
   f - Control Undead                 Necromancy                   4
Comestibles
 c - 2 bread rations


   Skills:
 - Level 2.4 Dodging
 - Level 2.7 Stealth
 - Level 0.1 Unarmed Combat
 - Level 2.3 Spellcasting
 + Level 5.0 Necromancy


You had 2 spell levels left.
You knew the following spells:

 Your Spells              Type           Power        Failure   Level  Hunger
a - Pain                  Necr           ###.         2%          1    #......
v - Vampiric Draining     Necr           ###.......   8%          3    ###....


Dungeon Overview and Level Annotations

Branches:
Dungeon (3/15)

Altars:


Innate Abilities, Weirdness & Mutations

You are resistant to damage.
You can heal yourself by infusing magical energy.
You passively map a small area around you.
You do not regenerate.


Message History

Unknown command.
Unknown command.
Things that are here:
a dagger of electrocution; a goblin corpse
f - a dagger of electrocution The worker ant closely misses you.
The worker ant bites you.
* * * LOW HITPOINT WARNING * * *
You are more poisoned.
The worker ant poisons you!
Wield which item (- for none, * to show all)? (? for menu, Esc to quit)
You hear the crackle of electricity.
f - a +1 dagger of electrocution (weapon)
You closely miss the worker ant.
The worker ant is almost dead.
The worker ant bites you.
Unknown command.
You hit the worker ant but do no damage.
The worker ant is almost dead.
The worker ant bites you.
You die...

, , , * < * * * , ,
.# ##. , ##+ #..
*#...#*#### #.# , *
.....##.., a.# , * *
......#.#*##.##
.......@###...######
,
........a..<........
*
........###...#####
......#.###..## ,
.....##......# *
#...#*#####.## *
##+# #.# * #.# *#.#


You could see a worker ant.

Vanquished Creatures
  3 adders (D:2)
  A dart slug (D:1)
  3 bats
  A giant cockroach (D:1)
  A kobold (D:1)
  3 goblins
  4 rats
16 creatures vanquished.

Notes
Turn   | Place    | Note
-------+----------+-------------------------------------------
     0 | D:1      | letownia2 the Deep Dwarf Necromancer began the quest for the Orb.
     0 | D:1      | Reached XP level 1. HP: 15/15 MP: 3/3
   224 | D:1      | Reached XP level 2. HP: 14/22 MP: 0/5
   502 | D:2      | Reached XP level 3. HP: 18/28 MP: 0/6
   507 | D:2      | Learned a level 3 spell: Vampiric Draining
   575 | D:2      | Reached skill level 5 in Necromancy
   639 | D:2      | Found a faded altar of an unknown god.
   738 | D:3      | HP: 1/28 [worker ant (3)]
   741 | D:3      | Slain by a worker ant

Skill      XL: |  1  2  3 |
---------------+----------+-----
Spellcasting   | 2 |  2.3
Necromancy     | 5 |  5.0
Dodging        | |  2.4
Stealth        | |  2.7
Unarmed Combat | |  0.1

Action                   || total
-------------------------++-------
Melee: Unarmed           ||     9
       Dagger            ||     2
 Cast: Pain              ||    41
Armor: Robe              ||     3
Dodge: Dodged            ||    13
